 Dungeon Sprint DCSS version 0.26-a0-1177-g1209ec82b9 (webtiles) character file.

Game seed: 15258349423949169953

272330 reriks the Unseen (level 12, 71/71 HPs)
             Began as a Spriggan Brigand on Dec 24, 2020.
             Was the Champion of Dithmenos.
             Escaped with the Orb!
             The game lasted 00:10:35 (1896 turns).

reriks the Unseen (Spriggan Brigand)                Turns: 1896, Time: 00:10:35

Health: 71/71      AC:  7    Str: 14    XL:     12   Next: 26%
Magic:  19/19      EV: 40    Int: 17    God:    Dithmenos [******]
Gold:   812        SH:  0    Dex: 32    Spells: 11/11 levels left

rFire    . . .     SeeInvis +   p - +1 short sword (venom)
rCold    . . .     Faith    .   (shield restricted)
rNeg     + . .     Spirit   .   r - +4 robe of Augmentation {Str+4 Int+4 Dex+4}
rPois    .         Reflect  .   (helmet restricted)
rElec    .         Harm     .   c - +0 cloak
rCorr    .         Rampage  .   (gloves unavailable)
Will     ++...     NoTele   +   (boots unavailable)
Stlth    ++++++....             (no amulet)
HPRegen  0.21/turn              q - +6 ring of dexterity
MPRegen  0.16/turn              s - ring of Bacsomimm {rN+ Str+3}

@: flying, hasted, wreathed by umbra, very quick
A: very small, unfitting armour, see invisible, speed 3
0: Orb of Zot
a: Renounce Religion, Shadow Step, Shadow Form


You escaped.
You worshipped Dithmenos.
Dithmenos was exalted by your worship.
You visited 1 branch You collected 2011 gold pieces.
You spent 1199 gold pieces at shops.

Inventory:

Hand Weapons
 a - a +2 dagger
 l - a +5 dagger of protection
 p - a +1 short sword of venom (weapon)
Missiles
 d - 8 poisoned darts (quivered)
 e - 12 curare-tipped darts
Armour
 b - a +0 robe
 c - a +0 cloak (worn)
 r - the +4 robe of Augmentation (worn) {Str+4 Int+4 Dex+4}
   (You bought it in a shop in the Dungeon)

   It affects your strength (+4).
   It affects your intelligence (+4).
   It affects your dexterity (+4).
Jewellery
 q - a +6 ring of dexterity (left hand)
 s - the ring of Bacsomimm (right hand) {rN+ Str+3}
   (You found it in the Dungeon)

   [ring of positive energy]

   It affects your strength (+3).
   It protects you from negative energy.
Wands
 w - a wand of digging (10)
Scrolls
 k - a scroll of blinking
 m - 3 scrolls of identify
 n - a scroll of fear
 t - a scroll of immolation
 v - a scroll of enchant armour {unknown}
Potions
 f - 2 potions of curing
 g - 2 potions of heal wounds
 i - 3 potions of magic
 j - a potion of berserk rage
 o - 2 potions of attraction
 u - a potion of flight


   Skills:
 + Level 11.9 Fighting
 + Level 14.9 Short Blades
 + Level 13.8 Throwing
 + Level 18.3 Dodging
 + Level 20.3 Stealth
 + Level 8.3 Invocations


You had 11 spell levels left.
You didn't know any spells.
Your spell library contained the following spells:

 Spells                   Type           Power        Failure   Level
 Summon Small Mammal      Summ           0%           24%         1
 Call Imp                 Summ           0%           34%         2
 Call Canine Familiar     Summ           0%           56%         3
 Summon Guardian Golem    Hex/Summ       0%           56%         3
 Summon Ice Beast         Ice/Summ       0%           93%         4
 Summon Lightning Spire   Summ/Air       0%           93%         4


Dungeon Overview and Level Annotations

Branches:
Dungeon (1/1)

Altars:
Cheibriados
Dithmenos
Elyvilon
Fedhas
Gozag
Hepliaklqana
Kikubaaqudgha
Makhleb
Nemelex Xobeh
Okawaru
Qazlal
Ru
Sif Muna
Trog
Uskayaw
Vehumet
Wu Jian
Xom
Yredelemnul
Zin
The Shining One
Jiyva
Lugonu

Shops:
D [(([(!(?}!((((([(

Annotations:
D Tiamat


Innate Abilities, Weirdness & Mutations

You are very small and have problems with some larger weapons.
You are too small for most types of armour.
You have supernaturally acute eyesight. (SInv)
You cover ground extremely quickly.


Message History

There is an open door here.
There is an open door here.
There is an open door, spattered with blood here.
There is an open door here.
You see here a hog skeleton.
There is an open door here.
There is an open door here.
There is an open door here.
There is an open door here.
There is an open door here.
There is an open door here.
Things that are here:
a +1 scythe of venom; a +0 robe You see here a cursed -1 giant spiked club.
There is an open door here.
You see here a +0 leather armour.
There is an open door here.
There is a staircase leading out of the dungeon here.
You can't go down here!
You have escaped!

##################
#@.#.['..#..'..#__
#..'..#.))..#..'..
#..#####'#####'#__
#..####..#...#.###
#..#__####..##.#§§
#..#_____##'#_.'≈≈
#⌠⌠#_.∩...'..._#§≈
####_..__##_.#'##§
#_____###+#.#)§


There were no monsters in sight!

Vanquished Creatures
  4 fire giants (D)
  A hydra (D)
  2 centaur warriors (D)
  Sonja (D)
  A deep troll (D)
  7 unseen horrors (D)
  A lindwurm (D)
  An oklob plant (D)
  4 demonic crawlers (D)
  2 kobold demonologists (D)
  A hornet (D)
  A slime creature (D)
  Sigmund (D)
  2 redbacks (D)
  A yak (D)
  13 hogs (D)
  3 floating eyes (D)
  7 necrophages (D)
  An ogre (D)
  8 jellies (D)
  Ijyb (D)
  A ballistomycete spore (D)
64 creatures vanquished.

Vanquished Creatures (others)
  A ballistomycete spore (D)
1 creature vanquished.

Grand Total: 65 creatures vanquished

Notes
Turn   | Place    | Note
-------+----------+-------------------------------------------
     0 | D        | reriks the Spriggan Brigand began the quest for the Orb.
     0 | D        | Reached XP level 1. HP: 10/10 MP: 2/2
     2 | D        | Noticed Ijyb
     4 | D        | Killed Ijyb
     5 | D        | Reached skill level 7 in Stealth
     5 | D        | Reached XP level 2. HP: 16/16 MP: 3/3
   108 | D        | Noticed an ogre
   111 | D        | Killed an ogre
   112 | D        | Reached skill level 5 in Dodging
   112 | D        | Reached skill level 8 in Stealth
   112 | D        | Reached XP level 3. HP: 20/20 MP: 4/4
   112 | D        | Reached XP level 4. HP: 25/25 MP: 5/5
   120 | D        | Noticed Sigmund
   139 | D        | Killed Sigmund
   140 | D        | Reached skill level 5 in Throwing
   140 | D        | Reached skill level 10 in Stealth
   140 | D        | Reached XP level 5. HP: 13/30 MP: 6/6
   319 | D        | Found a shimmering blue altar of Sif Muna.
   320 | D        | Found an ornate altar of the Wu Jian Council.
   321 | D        | Found a radiant altar of Vehumet.
   326 | D        | Reached XP level 6. HP: 35/35 MP: 7/7
   353 | D        | Found Noisurr's Antique Weapon Emporium.
   353 | D        | Found an ancient bone altar of Kikubaaqudgha.
   353 | D        | Found a hazy altar of Hepliaklqana.
   353 | D        | Found a hide-covered altar of Uskayaw.
   353 | D        | Found a basalt altar of Yredelemnul.
   353 | D        | Found an opulent altar of Gozag.
   353 | D        | Found a snail-covered altar of Cheibriados.
   353 | D        | Found a sacrificial altar of Ru.
   353 | D        | Found a shadowy altar of Dithmenos.
   353 | D        | Noticed a yak
   354 | D        | Found a stormy altar of Qazlal.
   354 | D        | Found a blossoming altar of Fedhas.
   354 | D        | Found a bloodstained altar of Trog.
   354 | D        | Found an iron altar of Okawaru.
   354 | D        | Found a glowing golden altar of the Shining One.
   354 | D        | Found a glowing silver altar of Zin.
   354 | D        | Found a white marble altar of Elyvilon.
   355 | D        | Killed a yak
   356 | D        | Reached skill level 5 in Fighting
   356 | D        | Reached skill level 11 in Stealth
   356 | D        | Found a sparkling altar of Nemelex Xobeh.
   362 | D        | Became a worshipper of Dithmenos the Shadowed
   377 | D        | Found a burning altar of Makhleb.
   377 | D        | Found a viscous altar of Jiyva.
   377 | D        | Found a shimmering altar of Xom.
   377 | D        | Found a corrupted altar of Lugonu.
   377 | D        | Noticed a slime creature
   380 | D        | Killed a slime creature
   381 | D        | Reached skill level 10 in Dodging
   381 | D        | Reached skill level 12 in Stealth
   381 | D        | Reached XP level 7. HP: 40/40 MP: 8/8
   406 | D        | Noticed a centaur warrior
   420 | D        | Noticed a deep troll
   422 | D        | Killed a deep troll
   423 | D        | Reached skill level 13 in Stealth
   423 | D        | Reached XP level 8. HP: 45/45 MP: 9/9
   433 | D        | Found Ceakew's Armour Emporium.
   445 | D        | Noticed Sonja
   448 | D        | Killed Sonja
   448 | D        | Reached * piety under Dithmenos
   449 | D        | Reached skill level 14 in Stealth
   465 | D        | Found Vuiddup's Armour Boutique.
   661 | D        | Bought the +4 robe of Augmentation {Str+4 Int+4 Dex+4} for
                  | 687 gold pieces
   661 | D        | Found the +4 robe of Augmentation {Str+4 Int+4 Dex+4}
   692 | D        | Noticed a centaur warrior
   695 | D        | Killed a centaur warrior
   696 | D        | Reached skill level 10 in Short Blades
   696 | D        | Reached XP level 9. HP: 51/51 MP: 10/10
   696 | D        | Killed a centaur warrior
   697 | D        | Reached skill level 10 in Throwing
   697 | D        | Reached skill level 15 in Stealth
   707 | D        | Reached ** piety under Dithmenos
   718 | D        | Noticed an oklob plant
   754 | D        | Killed an oklob plant
   755 | D        | Reached skill level 16 in Stealth
  1000 | D        | Reached XP level 10. HP: 58/58 MP: 11/11
  1011 | D        | Reached *** piety under Dithmenos
  1016 | D        | Noticed an unseen horror
  1018 | D        | Noticed an unseen horror
  1023 | D        | Killed an unseen horror
  1025 | D        | Killed an unseen horror
  1026 | D        | Reached skill level 15 in Dodging
  1031 | D        | Reached **** piety under Dithmenos
  1036 | D        | Reached skill level 17 in Stealth
  1037 | D        | Reached ***** piety under Dithmenos
  1086 | D        | Got a slimy wooden ring
  1091 | D        | Identified the ring of Bacsomimm {rN+ Str+3} (You found it
                  | in the Dungeon)
  1096 | D        | Found Umemn's Armour Shoppe.
  1096 | D        | Found Lirisema's Antique Weapon Shop.
  1096 | D        | Found Maodgh's Antique Weapon Boutique.
  1098 | D        | Found Bomim's Distillery.
  1098 | D        | Found Jychul's Antique Weapon Shop.
  1098 | D        | Found Sasal's Magic Scroll Shoppe.
  1098 | D        | Found Omnaamu's Gadget Boutique.
  1098 | D        | Found Xyamneom's Distillery.
  1098 | D        | Found Ikips's Antique Weapon Shop.
  1098 | D        | Found Otody Fee's Weapon Shoppe.
  1102 | D        | Found Geonliq's Weapon Boutique.
  1103 | D        | Bought a potion of flight for 36 gold pieces
  1103 | D        | Bought a potion of flight for 36 gold pieces
  1103 | D        | Bought a potion of heal wounds for 60 gold pieces
  1103 | D        | Found Onaraedeby's Antique Weapon Emporium.
  1103 | D        | Found Ekheih's Antique Weapon Boutique.
  1104 | D        | Found Haorgh's Weapon Emporium.
  1154 | D        | Reached ****** piety under Dithmenos
  1157 | D        | Reached skill level 1 in Invocations
  1159 | D        | Reached skill level 10 in Fighting
  1186 | D        | Noticed a lindwurm
  1188 | D        | Killed a lindwurm
  1189 | D        | Reached skill level 18 in Stealth
  1189 | D        | Reached XP level 11. HP: 64/64 MP: 14/14
  1533 | D        | Noticed a 12-headed hydra
  1535 | D        | Killed a 12-headed hydra
  1536 | D        | Reached skill level 5 in Invocations
  1551 | D        | Noticed a daeva
  1555 | D        | Noticed an unseen horror
  1555 | D        | Noticed an unseen horror
  1555 | D        | Noticed an unseen horror
  1555 | D        | Noticed an unseen horror
  1557 | D        | Killed an unseen horror
  1558 | D        | Noticed an unseen horror
  1559 | D        | Killed an unseen horror
  1560 | D        | Killed an unseen horror
  1561 | D        | Reached skill level 19 in Stealth
  1562 | D        | Killed an unseen horror
  1564 | D        | Killed an unseen horror
  1617 | D        | Noticed a fire giant
  1618 | D        | Noticed a fire giant
  1618 | D        | Noticed a fire giant
  1618 | D        | Noticed a fire giant
  1619 | D        | Killed a fire giant
  1621 | D        | Killed a fire giant
  1622 | D        | Reached XP level 12. HP: 65/70 MP: 12/18
  1623 | D        | Killed a fire giant
  1624 | D        | Reached skill level 20 in Stealth
  1625 | D        | Killed a fire giant
  1633 | D        | Identified the +4 dragonskin cloak
  1633 | D        | Noticed Tiamat
  1739 | D        | Bought a wand of digging (3) for 140 gold pieces
  1739 | D        | Bought a wand of digging (8) for 240 gold pieces
  1830 | D        | Got the Orb of Zot
  1896 | D        | Escaped with the Orb!

Illustrated notes

Levels and vault maps discovered:
D:        dungeon_sprint_1 [red_sonja_temple_1, red_sonja_temple_small_1]

Skill      XL: |  1  2  3  4  5  6  7  8  9 10 11 12 |
---------------+-------------------------------------+-----
Fighting       | 2 3 4 6 8 9 10 11 | 11.9
Short Blades   | 3 4 6 8 9 10 11 13 14 | 14.9
Throwing       | 3 4 5 7 8 9 10 12 13 | 13.8
Dodging        | 3 5 7 8 10 11 13 14 16 17 18 | 18.3
Stealth        | 7 8 10 12 13 14 16 18 19 20 | 20.3
Invocations    | 3 7 8 |  8.3

Action                   |  1- 3 |  4- 6 |  7- 9 | 10-12 || total
-------------------------+-------+-------+-------+-------++-------
Melee: Dagger            |     2 |     6 |    34 |       ||    42
       Short sword       |       |       |    10 |    83 ||    93
Throw: Dart              |       |     4 |       |     1 ||     5
Invok: Shadow Step       |       |       |       |     1 ||     1
Evoke: Wand              |       |       |       |     1 ||     1
  Use: Scroll            |       |       |     2 |     2 ||     4
       Potion            |       |       |     1 |     2 ||     3
 Stab: Sleeping          |     2 |     3 |     6 |    42 ||    53
Armor: Robe              |       |       |     1 |     2 ||     3
Dodge: Dodged            |       |     5 |     5 |    27 ||    37

Table legend: (Time is in decaauts)
 A = Elapsed time spent in this place.
 B = Non-inter-level travel time spent in this place.
 C = Inter-level travel time spent in this place.
 D = Time resting spent in this place.
 E = Time spent auto-exploring this place.
 F = Levels seen in this place.
 G = Mean time per level.
                   A        B        C        D        E       F      G
               +--------+--------+--------+--------+--------+-----+--------+
         Total |   1522 |   1465 |     57 |    839 |      0 |   1 | 1522.0 |
       Dungeon |   1522 |   1465 |     57 |    839 |      0 |   1 | 1522.0 |
               +--------+--------+--------+--------+--------+-----+--------+

Top non-repeatable levels by time:
       D: 1522 daAuts
